 Dungeon Crawl Stone Soup version 0.23-a0-356-g1757c6e (webtiles) character file.

116 MisterFreud the Slinger (level 5, -2/34 HPs)
             Began as a Halfling Hunter on Oct 21, 2018.
             Slain by an ooze (5 damage)
             ... on level 3 of the Dungeon.
             The game lasted 00:05:20 (2496 turns).

MisterFreud the Slinger (Halfling Hunter)           Turns: 2496, Time: 00:05:21

Health: -2/34      AC:  3    Str: 13    XL:     5   Next: 21%
Magic:  5/5        EV: 14    Int:  9    God:
Gold:   132        SH:  0    Dex: 16    Spells: 4/4 levels left

rFire    . . .     SeeInvis .   a - +1 hunting sling
rCold    . . .     Gourm    .   (shield restricted)
rNeg     . . .     Faith    .   c - +0 leather armour
rPois    .         Spirit   .   (no helmet)
rElec    .         Reflect  .   (no cloak)
rCorr    .         Harm     .   (no gloves)
MR       +....                  (no boots)
Stlth    ++........             (no amulet)
HPRegen  0.11/turn              (no ring)
MPRegen  0.09/turn              m - ring of protection from magic

@: no status effects
A: small, mutation resistance 1
a: no special abilities


You were on level 3 of the Dungeon.
You were not hungry.

You visited 1 branch of the dungeon, and saw 3 of its levels.

You collected 132 gold pieces.

Inventory:

Hand Weapons
 a - a +1 hunting sling (weapon)
 b - a +0 short sword
Missiles
 d - 25 sling bullets (quivered)
 i - 55 stones
Armour
 c - a +0 leather armour (worn)
Jewellery
 m - a ring of protection from magic (right hand)
 p - an uncursed ring of fire
Scrolls
 g - a scroll of enchant armour
 h - 2 scrolls of identify
 k - 2 scrolls of fog
 l - a scroll of magic mapping
 o - 4 scrolls of teleportation
Potions
 e - 2 potions of haste
 j - 2 potions of resistance
 q - 2 potions of berserk rage
Comestibles
 f - 6 rations
 n - 2 chunks of flesh


   Skills:
 - Level 1.7 Fighting
 + Level 2.8 Short Blades
 - Level 8.0 Slings
 - Level 2.1 Dodging
 - Level 1.1 Stealth


You had 4 spell levels left.
You didn't know any spells.
Your spell library was empty.

Dungeon Overview and Level Annotations

Branches:
Dungeon (3/15)

Altars:


Innate Abilities, Weirdness & Mutations

You are small and have problems with some larger weapons.
You are somewhat resistant to further mutation.


Message History

You kill the gnoll!
Training target 8.0 for Slings reached!
Your Slings skill increases to level 8!
The ooze hits you.
* * * LOW HITPOINT WARNING * * *
Things that are here:
a +0 flail; 2 sling bullets; a gnoll corpse You hit the ooze.
The ooze is lightly wounded.
The ooze misses you.
a - a +1 hunting sling (weapon)
The ooze hits you.
* * * LOW HITPOINT WARNING * * *
Firing (i - inventory. (/) - cycle)
d - 26 sling bullets (quivered)
Press: ? - help, Shift-Dir - straight line, f - ooze
Aim: an ooze (lightly wounded)
You shoot a sling bullet. The sling bullet hits the ooze.
The ooze is heavily wounded.
The ooze hits you.
You die...

# ######......... #
#.......###
#.....#.## #
#(........# #.....#.#
# ..........#
#.....#.# #
..........###......#
............#......#
............#......#
......(............#
.......@.##........#
+##....J.##........#
#...............###
....##+#............#
....##+#............#
..........#.........#
. ........#.........#
#................#
.##.........#.....#


You could see an ooze.

Vanquished Creatures
  4 gnolls (D:3)
  3 adders (D:2)
  3 worms
  A dart slug (D:2)
  A giant cockroach (D:1)
  5 goblins
  6 hobgoblins
  3 jackals (D:1)
  3 kobolds
  A ball python (D:3)
  5 bats
  2 frilled lizards
  6 rats
43 creatures vanquished.

Notes
Turn   | Place    | Note
-------+----------+-------------------------------------------
     0 | D:1      | MisterFreud the Halfling Hunter began the quest for the
                  | Orb.
     0 | D:1      | Reached XP level 1. HP: 14/14 MP: 1/1
    45 | D:1      | Reached skill level 6 in Slings
    73 | D:1      | Reached XP level 2. HP: 17/19 MP: 2/2
   174 | D:1      | Reached skill level 1 in Short Blades
   702 | D:1      | Reached XP level 3. HP: 24/24 MP: 3/3
  1108 | D:2      | Reached skill level 7 in Slings
  1503 | D:2      | Reached XP level 4. HP: 25/29 MP: 4/4
  2270 | D:3      | Reached XP level 5. HP: 21/34 MP: 5/5
  2492 | D:3      | Reached skill level 8 in Slings
  2496 | D:3      | Slain by an ooze

Vault maps used:
D:1:      minmay_arrival_stair_chambers, st_stairs_4
D:3:      okawaru_altar_gauntlet_db, uniq_robin

Skill      XL: |  1  2  3  4  5 |
---------------+----------------+-----
Slings         | 6 7 8 |  8.0
Short Blades   | 1 2 |  2.8
Fighting       | |  1.7
Dodging        | |  2.1
Stealth        | |  1.1

Action                   |  1- 3 |  4- 6 || total
-------------------------+-------+-------++-------
Melee: Short sword       |    93 |    58 ||   151
 Fire: Hunting sling     |    17 |    17 ||    34
  Use: Scroll            |     8 |     3 ||    11
       Potion            |     1 |       ||     1
 Stab: Sleeping          |     6 |     2 ||     8
  Eat: Chunk             |     2 |     3 ||     5
Armor: Leather armour    |    25 |     5 ||    30
Dodge: Dodged            |    85 |    37 ||   122

Table legend:
 A = Non-vault XP
 B = Vault XP
 C = Vault XP percentage of total XP
 D = Non-vault monster count
 E = Vault monster count
 F = Vault count percentage of total count
                 A         B        C        D         E       F
            +---------+---------+-------+---------+---------+-------
      Total |     162 |       5 |   3.0 |      40 |       3 |   7.0
            +---------+---------+-------+---------+---------+-------
        D:1 |      30 |       5 |  14.3 |      18 |       3 |  14.3
        D:2 |      68 |       0 |   0.0 |      15 |       0 |   0.0
        D:3 |      64 |       0 |   0.0 |       7 |       0 |   0.0
            +---------+---------+-------+---------+---------+-------
